 Dungeon Crawl Stone Soup version 0.29.0-4-gdea44cf6ec (webtiles) character file.

Game seed: 3191964840174977981

30 qw the Caller (level 3, -3/28 HPs)
             Began as a Ghoul Summoner on Sept 9, 2022.
             Slain by Sigmund
             ... wielding a +1 vampiric scythe
              (5 damage)
             ... on level 2 of the Dungeon.
             The game lasted 00:00:42 (1360 turns).

qw the Caller (Ghoul Summoner)                      Turns: 1360, Time: 00:00:43

Health: -3/28      AC:  6    Str: 13    XL:     3   Next: 20%
Magic:  1/4        EV: 11    Int: 10    God:
Gold:   4          SH:  2    Dex:  9    Spells: 4/5 levels left

rFire   . . .      SeeInvis .   e - +0 falchion
rCold   + . .      Faith    .   m - +0 buckler
rNeg    + + +      Spirit   .   c - +0 troll leather armour
rPois   inf        Reflect  .   d - +1 helmet
rElec   .          Harm     .   (no cloak)
rCorr   .          Rampage  .   (no gloves)
Will    .....                   (no boots)
Stlth   +.........              (no amulet)
HPRegen 0.00/turn               (no ring)
MPRegen 0.09/turn               (no ring)

@: inhibited regen
A: claws 1, cold resistance 1, negative energy resistance 3, inhibited
regeneration, torment resistance 2, devour on kill
a: no special abilities


You were on level 2 of the Dungeon.
You visited 1 branch of the dungeon, and saw 2 of its levels.

You collected 4 gold pieces.


Innate Abilities, Weirdness & Mutations

You are immune to poison.
You have sharp fingernails.
Your flesh is cold resistant. (rC+)
You are immune to negative energy. (rN+++)
You do not regenerate when monsters are visible.
You are immune to unholy pain and torment.
You thrive by killing the living.


   Skills:
 + Level 1.5 Fighting
 - Level 2.0 Axes
 - Level 1.7 Dodging
 - Level 2.1 Stealth
 - Level 1.7 Spellcasting
 - Level 3.6 Summonings


You had 4 spell levels left.
You knew the following spells:

 Your Spells              Type           Power      Damage    Failure   Level
a - Summon Small Mammal   Summ           32%        N/A       13%         1

Your spell library contained the following spells:

 Spells                   Type           Power      Damage    Failure   Level
 Call Imp                 Summ           8%         N/A       21%         2
 Call Canine Familiar     Summ           8%         N/A       36%         3
 Summon Guardian Golem    Hex/Summ       4%         N/A       63%         3
 Summon Lightning Spire   Summ/Air       4%         N/A       95%         4

Inventory:

Hand Weapons
 e - a +0 falchion (weapon)
 Y - a +1 whip
Armour
 b - a +0 scale mail
 c - a +0 troll leather armour (worn)
 d - a +1 helmet (worn)
 m - a +0 buckler (worn)
Scrolls
 a - a scroll of enchant armour {unknown}
 l - a scroll of identify
Potions
 f - a potion of curing
 k - a potion of mutation

Dungeon Overview and Level Annotations

Branches:
Dungeon (2/15)

Altars:

Shops:
D:1 [

Annotations:
D:2 Sigmund


Message History

Your bat's corpse disappears in a puff of smoke!
1350 ||| CASTING Summon Small Mammal
Casting: Summon Small Mammal (safe; 13% risk of failure)
Confirm with . or Enter, or press ? or * to list all spells.
The ball python closely misses you. The ball python barely misses you.
You barely miss the ball python.
The ball python is moderately wounded.
Something hits your bat but does no damage.
Your bat closely misses the ball python.
Something completely misses your bat.
Your bat hits the ball python. Something barely misses your bat.
Something hits your bat.
Your bat dies!
Your bat's corpse disappears in a puff of smoke!
The ball python closely misses you. The ball python completely misses you.
Your rat bites the ball python.
The ball python dies!
You start resting.
Your rat misses Sigmund.
Sigmund is nearby!
You hit Sigmund.
Sigmund is lightly wounded.
Sigmund casts a spell at you. You resist with significant effort.
Your rat closely misses Sigmund.
Sigmund gestures wildly while chanting.
Sigmund flickers and vanishes!
Deactivating autopickup; reactivate with Ctrl-A.
You miss something. Something hits you.
You closely miss something. Something hits you!
You miss something. Something hits you.
You barely miss something. You closely miss something. Something hits you!
You closely miss something. Something hits you.
You barely miss something. Something hits you.
You die...

@.# ..#
..##
S..
##..#.#
#b. #.#
#{###.#
#r@##.#
##<#..#
#.#..#
#.#..#
#....#
####.#
#.# #.#
#.#


You could see a bat and a friendly rat (summoned).

Vanquished Creatures
  A dart slug (D:2)
  2 bats (D:1)
  An endoplasm (D:2)
  A quokka (D:1)
  4 ball pythons (D:1)
  A rat (D:1)
10 creatures vanquished.

Vanquished Creatures (collateral kills)
  A dart slug (D:1)
  2 ball pythons
  2 endoplasms (D:1)
  A giant cockroach (D:2)
  A goblin (D:1)
  2 hobgoblins (D:1)
  A bat (D:1)
  A frilled lizard (D:1)
  3 kobolds (D:1)
  A rat (D:1)
15 creatures vanquished.

Grand Total: 25 creatures vanquished

Notes
Turn   | Place    | Note
-------+----------+-------------------------------------------
     0 | D:1      | qw the Ghoul Summoner began the quest for the Orb.
     0 | D:1      | Reached XP level 1. HP: 14/14 MP: 2/2
     0 | D:1      | 0 ||| qw: Version: 0.1-a-113-g051387a
     0 | D:1      | 0 ||| qw: Game counter: 7287
     0 | D:1      | 0 ||| qw: Always use a shield: true
     0 | D:1      | 0 ||| qw: God list: Okawaru
     0 | D:1      | 0 ||| qw: Allow faded altars: false
     0 | D:1      | 0 ||| qw: Do Orc after D:15 true
     0 | D:1      | 0 ||| qw: Do second Lair branch before Depths: true
     0 | D:1      | 0 ||| qw: Lair rune preference: random
     0 | D:1      | 0 ||| qw: Plans: Normal
     0 | D:1      | 0 ||| PLANNING D:1-11
    30 | D:1      | 30 ||| CASTING Summon Small Mammal
    31 | D:1      | 31 ||| CASTING Summon Small Mammal
    80 | D:1      | 80 ||| CASTING Summon Small Mammal
    81 | D:1      | 81 ||| CASTING Summon Small Mammal
   134 | D:1      | 134 ||| CASTING Summon Small Mammal
   135 | D:1      | 135 ||| CASTING Summon Small Mammal
   177 | D:1      | 177 ||| CASTING Summon Small Mammal
   178 | D:1      | 178 ||| CASTING Summon Small Mammal
   183 | D:1      | Reached skill level 1 in Axes
   207 | D:1      | 207 ||| Wielding weapon +0 dagger.
   218 | D:1      | 218 ||| CASTING Summon Small Mammal
   219 | D:1      | 219 ||| CASTING Summon Small Mammal
   245 | D:1      | 245 ||| CASTING Summon Small Mammal
   246 | D:1      | 246 ||| CASTING Summon Small Mammal
   255 | D:1      | Reached XP level 2. HP: 22/22 MP: 0/3
   286 | D:1      | 286 ||| CASTING Summon Small Mammal
   287 | D:1      | 287 ||| CASTING Summon Small Mammal
   288 | D:1      | 288 ||| CASTING Summon Small Mammal
   294 | D:1      | Reached skill level 1 in Fighting
   326 | D:1      | 326 ||| CASTING Summon Small Mammal
   327 | D:1      | 327 ||| CASTING Summon Small Mammal
   328 | D:1      | 328 ||| CASTING Summon Small Mammal
   368 | D:1      | 368 ||| CASTING Summon Small Mammal
   369 | D:1      | 369 ||| CASTING Summon Small Mammal
   370 | D:1      | 370 ||| CASTING Summon Small Mammal
   415 | D:1      | 415 ||| CASTING Summon Small Mammal
   416 | D:1      | 416 ||| CASTING Summon Small Mammal
   417 | D:1      | 417 ||| CASTING Summon Small Mammal
   428 | D:1      | 428 ||| CASTING Summon Small Mammal
   433 | D:1      | 433 ||| Stepping ~*~*~tactically~*~*~ (outnumbered).
   551 | D:1      | 551 ||| CASTING Summon Small Mammal
   552 | D:1      | 552 ||| CASTING Summon Small Mammal
   553 | D:1      | 553 ||| CASTING Summon Small Mammal
   593 | D:1      | 593 ||| SWAPPING to +0 whip.
   594 | D:1      | 594 ||| DROPPING +0 dagger.
   596 | D:1      | 596 ||| CASTING Summon Small Mammal
   597 | D:1      | 597 ||| CASTING Summon Small Mammal
   598 | D:1      | 598 ||| CASTING Summon Small Mammal
   659 | D:1      | 659 ||| CASTING Summon Small Mammal
   660 | D:1      | 660 ||| CASTING Summon Small Mammal
   661 | D:1      | 661 ||| CASTING Summon Small Mammal
   705 | D:1      | 705 ||| CASTING Summon Small Mammal
   706 | D:1      | 706 ||| CASTING Summon Small Mammal
   707 | D:1      | 707 ||| CASTING Summon Small Mammal
   717 | D:1      | 717 ||| CASTING Summon Small Mammal
   771 | D:1      | 771 ||| Stepping ~*~*~tactically~*~*~ (hiding).
   776 | D:1      | 776 ||| CASTING Summon Small Mammal
   777 | D:1      | 777 ||| CASTING Summon Small Mammal
   778 | D:1      | 778 ||| CASTING Summon Small Mammal
   822 | D:1      | 822 ||| CASTING Summon Small Mammal
   823 | D:1      | 823 ||| CASTING Summon Small Mammal
   824 | D:1      | 824 ||| CASTING Summon Small Mammal
   861 | D:1      | 861 ||| CASTING Summon Small Mammal
   862 | D:1      | 862 ||| CASTING Summon Small Mammal
   863 | D:1      | 863 ||| CASTING Summon Small Mammal
   874 | D:1      | 874 ||| CASTING Summon Small Mammal
   884 | D:1      | Reached XP level 3. HP: 24/28 MP: 0/4
   967 | D:1      | 967 ||| CASTING Summon Small Mammal
   968 | D:1      | 968 ||| CASTING Summon Small Mammal
   969 | D:1      | 969 ||| CASTING Summon Small Mammal
   970 | D:1      | 970 ||| CASTING Summon Small Mammal
  1043 | D:1      | Found Animahiv's Antique Armour Emporium.
  1046 | D:1      | 1046 ||| SHOPLISTING ancient scale mail (180 gold, have 4).
  1046 | D:1      | 1046 ||| SHOPLISTING chain mail (90 gold, have 4).
  1046 | D:1      | 1046 ||| SHOPLISTING pair of gloves (90 gold, have 4).
  1046 | D:1      | 1046 ||| SHOPLISTING runed robe (74 gold, have 4).
  1085 | D:1      | 1085 ||| UPGRADING to +0 troll leather armour.
  1095 | D:1      | 1095 ||| DROPPING +0 robe.
  1096 | D:1      | 1096 ||| UPGRADING to +1 helmet.
  1101 | D:1      | 1101 ||| UPGRADING to +0 buckler.
  1106 | D:1      | 1106 ||| READING 4 scrolls labelled HOCODA TUEHEE.
  1107 | D:1      | 1107 ||| READING scroll labelled YCLICL HI LOLA.
  1108 | D:1      | 1108 ||| READING scroll labelled TAACZI KEUVASU.
  1109 | D:1      | 1109 ||| READING scroll labelled NYQ UCKULA.
  1110 | D:1      | 1110 ||| DRINKING 2 sapphire potions.
  1111 | D:1      | 1111 ||| READING 3 scrolls of identify.
  1111 | D:1      | 1111 ||| IDENTIFYING smoky emerald potion
  1112 | D:1      | 1112 ||| READING 2 scrolls of identify.
  1112 | D:1      | 1112 ||| IDENTIFYING murky amethyst potion
  1113 | D:1      | 1113 ||| DROPPING potion of magic.
  1114 | D:1      | 1114 ||| DROPPING potion of lignification.
  1167 | D:2      | 1167 ||| CASTING Summon Small Mammal
  1168 | D:2      | 1168 ||| CASTING Summon Small Mammal
  1169 | D:2      | 1169 ||| CASTING Summon Small Mammal
  1170 | D:2      | 1170 ||| CASTING Summon Small Mammal
  1229 | D:2      | 1229 ||| CASTING Summon Small Mammal
  1230 | D:2      | 1230 ||| CASTING Summon Small Mammal
  1231 | D:2      | 1231 ||| CASTING Summon Small Mammal
  1232 | D:2      | 1232 ||| CASTING Summon Small Mammal
  1240 | D:2      | 1240 ||| CASTING Summon Small Mammal
  1287 | D:2      | 1287 ||| CASTING Summon Small Mammal
  1288 | D:2      | 1288 ||| CASTING Summon Small Mammal
  1289 | D:2      | 1289 ||| CASTING Summon Small Mammal
  1290 | D:2      | 1290 ||| CASTING Summon Small Mammal
  1340 | D:2      | 1340 ||| SWAPPING to +0 falchion.
  1345 | D:2      | 1345 ||| CASTING Summon Small Mammal
  1345 | D:2      | Noticed Sigmund
  1346 | D:2      | 1346 ||| Stepping ~*~*~tactically~*~*~ (hiding).
  1348 | D:2      | 1348 ||| CASTING Summon Small Mammal
  1349 | D:2      | 1349 ||| CASTING Summon Small Mammal
  1350 | D:2      | 1350 ||| CASTING Summon Small Mammal
  1358 | D:2      | HP: 6/28 [something (8)]
  1359 | D:2      | HP: 2/28 [something (4)]
  1360 | D:2      | Slain by Sigmund

Levels and vault maps discovered:
D:1:      saegor_arrival_under_anarchy, layout_basic, serial_shops,
          nicolae_shop_behind_doors
D:2:      kb_forest_paths, layout_basic, uniq_sigmund

Skill      XL: |  1  2 |
---------------+-------+-----
Axes           | 1 2 |  2.0
Fighting       | 1 |  1.5
Dodging        | |  1.7
Stealth        | |  2.1
Spellcasting   | |  1.7
Summonings     | |  3.6

Action                   || total
-------------------------++-------
Melee: Unarmed           ||     2
       Whip              ||    21
       Dagger            ||    12
       Falchion          ||     9
 Cast: Summon Small Mamm ||    66
  Use: Scroll            ||     6
       Potion            ||     1
Armor: Robe              ||    10
       Troll leather arm ||     2
Dodge: Dodged            ||    34

Table legend:
 A = Non-vault XP
 B = Vault XP
 C = Vault XP percentage of total XP
 D = Non-vault monster count
 E = Vault monster count
 F = Vault count percentage of total count
                 A         B        C        D         E       F
            +---------+---------+-------+---------+---------+-------
      Total |      44 |       0 |   0.0 |      25 |       0 |   0.0
            +---------+---------+-------+---------+---------+-------
        D:1 |      35 |       0 |   0.0 |      21 |       0 |   0.0
        D:2 |       9 |       0 |   0.0 |       4 |       0 |   0.0
            +---------+---------+-------+---------+---------+-------
